 Dungeon Crawl Stone Soup version 0.30.0 (webtiles) character file.

Game seed: 3887731159117947648

337410 browni3141 the Necromancer (level 21, -7/161 HPs)
             Began as a Barachi Necromancer on May 7, 2023.
             Was the Champion of Cheibriados.
             Mangled by a +2 glaive of protection (31 damage)
             ... on level 3 of the Elven Halls.
             The game lasted 01:51:40 (42829 turns).

browni3141 the Necromancer (Barachi Necromancer)   Turns: 42829, Time: 01:51:40

Health: -7/161     AC: 23    Str: 24    XL:     21   Next: 91%
Magic:  1/37       EV: 29    Int: 42    God:    Cheibriados [******]
Gold:   282        SH: 21    Dex: 31    Spells: 7/44 levels left

rFire   + . .        b - +9 scimitar (flame)
rCold   + + .        v - +1 kite shield {reflect}
rNeg    + + .        g - +4 scale mail "Waityun" {+Blink rC+ rCorr}
rPois   +            w - +2 helmet {Int+3}
rElec   .            t - scarf {repulsion}
rCorr   +            h - +1 pair of gloves of the Six of Wands {rN+}
SInv    .            p - +2 pair of boots {Fly}
Will    +....        a - amulet "Ujegibe" {Reflect Fragile rC+ rN+ SH+5}
Stlth   +++++        N - ring of poison resistance
HPRegen 0.46/turn    Q - ring "Botiogea" {rF+ EV+5 Stlth+}
MPRegen 0.25/turn

%: repel missiles, reflection
@: flying, very slow
A: amphibious, slowness 1, strong legs 2, +LOS
}: 2/15 runes: serpentine, barnacled
a: Hop, Renounce Religion, Evoke Blink, Bend Time, Temporal Distortion, Slouch,
Step From Time


You were on level 3 of the Elven Halls.
You worshipped Cheibriados.
Cheibriados was exalted by your worship.
You visited 7 branches of the dungeon, and saw 34 of its levels.
You visited the Abyss 1 time.
You visited 1 bazaar.
You also visited: Sewer, Ossuary and Ice Cave.

You collected 3574 gold pieces.
You spent 3292 gold pieces at shops.

Inventory:

Hand Weapons
 b - a +9 scimitar of flaming (weapon)
Missiles
 n - 6 silver boomerangs
 J - 43 poisoned darts
 T - 31 boomerangs
Armour
 g - the +4 scale mail "Waityun" (worn) {+Blink rC+ rCorr}
   (You found it on level 5 of the Lair of Beasts)

   rC:        It protects you from cold.
   +Blink:    It lets you blink.
   rCorr:     It protects you from acid and corrosion.
 h - the +1 pair of gloves of the Six of Wands (worn) {rN+}
   (You took it off Nikola on level 3 of the Snake Pit)

   rN:        It protects you from negative energy.
 p - a +2 pair of boots of flying (worn)
 t - a scarf of repulsion (worn)
 v - a +1 kite shield of reflection (worn)
 w - a +2 helmet of intelligence (worn)
 z - a +0 tower shield
Jewellery
 a - the amulet "Ujegibe" (around neck) {Reflect Fragile rC+ rN+ SH+5}
   (You acquired it on level 13 of the Dungeon)

   [amulet of reflection]

   It reflects blocked missile attacks.
   rC:        It protects you from cold.
   rN:        It protects you from negative energy.
   Fragile:   It will be destroyed if unequipped.
   SH:        It affects your SH (+5).
 f - a +6 ring of dexterity
 l - a +6 ring of intelligence
 K - a ring of positive energy
 N - a ring of poison resistance (left hand)
 Q - the ring "Botiogea" (right hand) {rF+ EV+5 Stlth+}
   (You found it on level 4 of the Shoals)

   [ring of evasion]

   EV:        It affects your evasion (+5).
   rF:        It protects you from fire.
   Stlth:     It makes you more stealthy.
 Y - a +4 ring of slaying
Wands
 d - a wand of light (5)
 j - a wand of digging (6)
 k - a wand of mindburst (24)
 I - a wand of iceblast (8)
 V - a wand of flame (3)
 Z - a wand of charming (22)
Scrolls
 r - 10 scrolls of identify
 s - 13 scrolls of teleportation
 u - 9 scrolls of vulnerability
 y - 6 scrolls of poison
 B - 6 scrolls of fear
 E - 4 scrolls of blinking
 F - 6 scrolls of fog
 O - a scroll of acquirement
 P - 2 scrolls of magic mapping
 S - 3 scrolls of silence
 U - 8 scrolls of immolation
 X - a scroll of summoning
Potions
 c - a potion of cancellation
 i - 2 potions of invisibility
 m - 2 potions of magic
 o - 6 potions of berserk rage
 x - 4 potions of ambrosia
 A - 9 potions of mutation
 C - 19 potions of curing
 D - 3 potions of flight
 H - 2 potions of heal wounds
 L - 8 potions of lignification
 M - 12 potions of might
 R - 8 potions of brilliance
 W - 4 potions of attraction
Miscellaneous
 e - a box of beasts
 q - a lightning rod (4/4)
 G - a phial of floods


   Skills:
 - Level 12.8 Fighting
 - Level 3.0(8.7) Short Blades
 - Level 13.8(14.0) Long Blades
 - Level 2.0 Throwing
 - Level 12.9 Armour
 - Level 14.0 Dodging
 - Level 9.2 Stealth
 - Level 10.0 Shields
 - Level 12.0 Spellcasting
 - Level 4.0 Hexes
 + Level 9.1 Summonings
 * Level 17.9 Necromancy
 - Level 8.0 Translocations
 - Level 14.0 Invocations
 - Level 5.0 Evocations


You had 7 spell levels left.
You knew the following spells:

 Your Spells              Type           Power      Damage    Failure   Level
a - Anguish               Hex/Necr       43%        N/A       1%          4
b - Manifold Assault      Tloc           75%        N/A       1%          4
c - Infestation           Necr           54%        N/A       19%         8
d - Animate Dead          Necr           100%       N/A       1%          4
e - Haunt                 Necr/Summ      47%        N/A       14%         7
u - Dispel Undead         Necr           100%       3d31      1%          4
v - Vampiric Draining     Necr           100%       2d13      0%          3
B - Blink                 Tloc           100%       N/A       1%          2
N - Necrotise             Necr           100%       1d9       0%          1

Your spell library contained the following spells:

 Spells                   Type           Power      Damage    Failure   Level
 Kiss of Death            Conj/Necr      100%       2d13      1%          1
 Summon Small Mammal      Summ           100%       N/A       1%          1
 Call Imp                 Summ           100%       N/A       1%          2
 Cigotuvi's Dreadful Rot  Necr/Pois/Air  100%       N/A       1%          2
 Call Canine Familiar     Summ           80%        N/A       1%          3
 Gell's Gravitas          Tloc           75%        N/A       1%          3
 Summon Guardian Golem    Hex/Summ       69%        N/A       1%          3
 Teleport Other           Tloc           75%        N/A       1%          3
 Agony                    Necr           100%       N/A       1%          5
 Death Channel            Necr           54%        N/A       1%          6
 Ensorcelled Hibernation  Hex/Ice        84%        N/A       2%          2
 Confusing Touch          Hex            56%        N/A       2%          3
 Volatile Blastmotes      Fire/Tloc      100%       2d18      2%          3
 Summon Forest            Summ/Tloc      38%        N/A       3%          5
 Magic Dart               Conj           100%       1d8       4%          1
 Sting                    Tmut/Pois      100%       1d8       4%          1
 Dazzling Flash           Conj/Hex       84%        N/A       5%          3
 Inner Flame              Hex/Fire       42%        N/A       5%          3
 Passwall                 Tmut/Erth      20%        N/A       6%          2
 Poisonous Vapours        Pois/Air       50%        N/A       6%          2
 Scorch                   Fire           50%        2d7       6%          2
 Animate Armour           Summ/Erth      100%       N/A       6%          4
 Summon Ice Beast         Ice/Summ       59%        N/A       6%          4
 Summon Lightning Spire   Summ/Air       59%        N/A       6%          4
 Cause Fear               Hex            28%        N/A       9%          4
 Iskenderun's Mystic Bla  Conj/Tloc      56%        2d12      9%          4
 Frozen Ramparts          Ice            50%        1d8       13%         3
 Mephitic Cloud           Conj/Pois/Air  25%        N/A       13%         3
 Spider Form              Tmut/Pois      25%        N/A       13%         3
 Swiftness                Air            25%        N/A       13%         3
 Summon Cactus Giant      Summ           40%        N/A       16%         6
 Dispersal                Tloc           37%        N/A       24%         6
 Flame Wave               Conj/Fire      25%        2d8       38%         4
 Ice Form                 Ice/Tmut       25%        N/A       38%         4
 Olgreb's Toxic Radiance  Pois           25%        N/A       38%         4
 Yara's Violent Unravell  Hex/Tmut       21%        3d10      45%         5
 Summon Hydra             Summ           40%        N/A       63%         7
 Blade Hands              Tmut           12%        N/A       75%         5
 Freezing Cloud           Conj/Ice/Air   12%        6-21      75%         5
 Irradiate                Conj/Tmut      12%        3d15      75%         5
 Eringya's Noxious Bog    Tmut/Pois      12%        N/A       100%        6
 Iron Shot                Conj/Erth      12%        9d3       100%        6
 Plasma Beam              Fire/Air       12%        2x1d26    100%        6
 Starburst                Conj/Fire      12%        6d5       100%        6
 Dragon Form              Tmut           12%        N/A       100%        7
 Enfeeble                 Hex            28%        N/A       100%        7
 Storm Form               Tmut/Air       12%        N/A       100%        7
 Ignition                 Fire           12%        3d6       100%        8


Dungeon Overview and Level Annotations

Branches:
Dungeon (15/15)            Temple (1/1) D:6            Lair (5/5) D:10
 Shoals (4/4) Lair:3        Snake (4/4) Lair:2          Orc (2/2) D:11
    Elf (3/3) Orc:2        Vaults (0/5) D:14         Depths (0/4) D:15
  Sewer (visited)         Ossuary (visited)           IceCv (visited)
  Slime: Lair:4-5

Altars:
Ashenzari
Cheibriados
Dithmenos
Elyvilon
Fedhas
Gozag
Hepliaklqana
Kikubaaqudgha
Makhleb
Nemelex Xobeh
Okawaru
Qazlal
Ru
Sif Muna
Trog
Uskayaw
Vehumet
Wu Jian
Xom
Yredelemnul
Zin
The Shining One
Jiyva

Shops:
D:2 [(   Orc:2 ![*:   Elf:2 [   Shoals:2 *   Snake:1 (   Snake:2 =:

Portals:
Hell: Lair:5
Pandemonium: Orc:2
Trove: D:14 (give 2 scrolls of acquirement)

Annotations:
D:2 1 runed translucent door, Crazy Yiuf
D:3 exclusions: orc, orc priest and orc wizard, Duvessa
D:4 2 transporters, cheesebisquit's ghost, amateur HOFi
D:7 Maggie
D:10 Erolcha
D:13 3 runed translucent doors, exclusion: 3 doors, pdpol's ghost, journeyman MiFi
Lair:4 exclusion: 5 oklob plants


Innate Abilities, Weirdness & Mutations

You are amphibious.
You cover ground slowly.
You can hop long distances.
You have an extended range of vision and can be seen from far away.


Message History

Deactivating autopickup; reactivate with Ctrl-A.
You hit the deep elf zephyrmancer. You burn the deep elf zephyrmancer.
The deep elf zephyrmancer is severely wounded.
Something closely misses you.
The deep elf knight casts a spell at you.
The shard of ice hits something!
The deep elf zephyrmancer gestures wildly while chanting.
The deep elf zephyrmancer blinks!
You hit something. You burn something. Something hits you but does no damage.
The deep elf knight gestures at you while chanting.
The shard of ice hits something!!
Reactivating autopickup.
You feel a bit more experienced.
You block the deep elf zephyrmancer's attack.
You slice the deep elf zephyrmancer!! You burn the deep elf zephyrmancer.
The deep elf zephyrmancer is heavily wounded.
You block the deep elf zephyrmancer's attack.
A deep elf sorcerer comes into view. It is wielding a +0 long sword.
You slice the deep elf zephyrmancer!! You burn the deep elf zephyrmancer!
You kill the deep elf zephyrmancer!
Cheibriados thoroughly appreciates the change of pace.
Casting: Vampiric Draining (safe; 0% risk of failure)
Confirm with . or Enter, or press ? or * to list all spells.
Aiming: Vampiric Draining (safe; 0% risk of failure)
Press: ? - help, Shift-Dir - straight line, f - deep elf sorcerer
Aim: a deep elf sorcerer, wielding a +0 long sword You draw life force from the deep elf sorcerer!!
You feel life coursing into your body!
The deep elf sorcerer hits you with a +0 long sword!
Aiming: Bolt of Light
Press: ? - help, Shift-Dir - straight line, f/p - deep elf sorcerer
Aim: a deep elf sorcerer, wielding a +0 long sword (moderately wounded, 64% to hit)
The bolt of light hits the deep elf sorcerer!
The deep elf sorcerer is heavily wounded.
The deep elf sorcerer is blinded.
The bolt of light misses the deep elf knight.
The bolt of light hits the deep elf zephyrmancer!
You kill the deep elf zephyrmancer!
Cheibriados thoroughly appreciates the change of pace.
You hit the deep elf knight but do no damage.
A +2 glaive of protection comes into view.
The deep elf knight hits you with a +0 long sword.
The +2 glaive of protection completely misses you.
You slash the deep elf knight! You burn the deep elf knight.
The deep elf knight is moderately wounded.
The deep elf knight mumbles some strange words.
The deep elf knight seems to speed up.
The +2 glaive of protection misses you.
You closely miss the deep elf knight.
The deep elf knight is moderately wounded.
You block the deep elf knight's attack.
The +2 glaive of protection closely misses you.
The deep elf knight hits you but does no damage.
You closely miss the deep elf knight.
The deep elf knight is moderately wounded.
The deep elf sorcerer is no longer blind.
The +2 glaive of protection closely misses you.
You block the deep elf knight's attack.
You block the +2 glaive of protection's attack.
The deep elf knight points at you and mumbles some strange words.
The lance of force misses you.
The lance of force hits the +2 glaive of protection!!
The +2 glaive of protection is knocked back by the lance of force.
The +2 glaive of protection slams into the translucent rock wall!
A deep elf zephyrmancer comes into view.
It is wielding a +0 long sword.
You hit the deep elf knight but do no damage.
The deep elf knight is moderately wounded.
You block the deep elf knight's attack.
The +2 glaive of protection completely misses you.
You slice the deep elf sorcerer!! You burn the deep elf sorcerer.
The deep elf sorcerer is almost dead.
You feel yourself speed up.
You block the +2 glaive of protection's attack.
Casting: Vampiric Draining (safe; 0% risk of failure)
Confirm with . or Enter, or press ? or * to list all spells.
Aiming: Vampiric Draining (safe; 0% risk of failure)
Press: ? - help, Shift-Dir - straight line, f/p - deep elf sorcerer
Aim: a deep elf sorcerer, wielding a +0 long sword (almost dead)
You draw life force from the deep elf sorcerer!
You kill the deep elf sorcerer!
Cheibriados thoroughly appreciates the change of pace.
You feel life coursing into your body.
The +2 glaive of protection hits you from afar!
* * * LOW HITPOINT WARNING * * *
You closely miss the deep elf zephyrmancer.
The +2 glaive of protection barely misses you.
You hit the deep elf knight but do no damage.
The deep elf knight is moderately wounded.
The +2 glaive of protection completely misses you.
You slash the deep elf knight! You burn the deep elf knight.
The deep elf knight is severely wounded.
You block the deep elf knight's attack.
The +2 glaive of protection hits you from afar!!
* * * LOW HITPOINT WARNING * * *
The deep elf knight hits you but does no damage.
You feel much better.
The +2 glaive of protection hits you from afar!!
* * * LOW HITPOINT WARNING * * *
You block the deep elf knight's attack.
The +2 glaive of protection hits you from afar!!
You die...

#.†...######...##.#
#.#.####.........#
#.#..............#
#.#.####.).).....##
.......#####...##.##
.##.##.# #.).....# .
#.##.# #.))####.#
#.##.# #.))e##
#.##.# ##..#@#
#.##.# #.###.# ..
... #e## #(# .##
##.. .(e ...# ...
.## .... # ... ?...


You could see a deep elf knight (fast) and a +2 glaive of protection.

Vanquished Creatures
  Vashnia (Snake:4)
  A profane servitor (Abyss:3)
  Nikola (Snake:3)
  2 bone dragons
  A hellephant (Abyss:3)
  The ghost of wolfgangpup the End of an Era, an adept GnCj of Qazlal (Shoals:1)
  The ghost of Aral the Warrior, an adept MiBe of Trog (Shoals:3)
  A lich (Abyss:3)
  Rupert (D:12)
  A tentacled monstrosity (Abyss:3)
  Frances (D:12)
  7 tentacled starspawn (Abyss:3)
  Gastronok (D:11)
  Donald (Elf:2)
  A revenant (Abyss:2)
  4 nagarajas
  A daeva (Abyss:3)
  An angel (Abyss:3)
  2 deep elf sorcerers
  A cacodemon (Abyss:3)
  2 very ugly things (IceCv)
  3 deep elf demonologists
  A yellow draconian (Abyss:3)
  A bunyip (Abyss:3)
  2 dire elephants (Lair:3)
  2 green deaths (Abyss:3)
  3 merfolk javelineers (Shoals:4)
  A deep elf death mage (Elf:1)
  A merfolk impaler (Shoals:2)
  A fire dragon (D:15)
  A great orb of eyes (Abyss:3)
  An entropy weaver (shapeshifter) (Abyss:3)
  7 hydras
  2 rakshasas (Abyss:3)
  2 vault guards (D:14)
  A merfolk avatar (Shoals:4)
  2 salamander tyrants
  A catoblepas (Shoals:4)
  3 demonspawn (Orc:2)
  7 anacondas
  5 boulder beetles
  6 centaur warriors
  An alligator (Lair:3)
  A satyr (Shoals:2)
  4 two-headed ogres
  12 death yaks
  A death knight (D:13)
  2 merfolk aquamancers (Shoals:4)
  An alligator snapping turtle (Shoals:4)
  Erica (D:10)
  An anaconda (shapeshifter) (D:15)
  5 orc high priests
  5 naga warriors
  32 dancing weapons
  A tengu warrior (D:10)
  15 thrashing horrors (Abyss:3)
  A hell knight (D:15)
  6 naga sharpshooters
  5 shock serpents
  A skyshark (Shoals:2)
  3 skeletal warriors (D:12)
  2 sun demons
  A soul eater (Abyss:3)
  A salamander mystic (Snake:4)
  2 sixfirhies
  A fire crab (Lair:5)
  5 wretched stars
  15 deep elf knights
  9 sea snakes
  3 spatial maelstroms (Abyss:3)
  4 naga ritualists
  2 orb spiders (Abyss:3)
  A deep troll (D:15)
  2 spriggan simulacra (Snake:4)
  2 lindwurms (Lair:4)
  13 deep elf archers
  20 harpies
  26 deep elf pyromancers
  5 necromancers
  5 orc knights
  2 wizards
  3 mana vipers
  7 orc sorcerers
  22 deep elf zephyrmancers
  2 orange crystal statues (IceCv)
  4 cyclopes
  A salamander (shapeshifter) (Abyss:3)
  A will-o-the-wisp (Abyss:3)
  A stone giant zombie (Abyss:2)
  25 ugly things
  A human zombie (Abyss:2)
  3 fauns (Shoals:2)
  7 salamanders
  7 manticores
  A dire elephant zombie (Abyss:2)
  A worldbinder (Abyss:3)
  5 elephants
  2 rust devils
  An eye of devastation (Abyss:2)
  5 guardian serpents
  3 merfolk sirens (Shoals:1)
  A centaur zombie (Abyss:2)
  A demonic crawler (Abyss:3)
  25 black mambas
  A cane toad (shapeshifter) (Abyss:2)
  6 naga magi
  12 cane toads
  5 smoke demons
  3 gargoyles
  7 orange demons
  An unseen horror (D:12)
  2 kobold demonologists (D:13)
  A hellion (Abyss:3)
  8 rime drakes
  8 komodo dragons
  An ice devil (Lair:5)
  An anaconda simulacrum (IceCv)
  2 efreet (D:15)
  8 freezing wraiths
  3 golden dragon simulacra (IceCv)
  A guardian mummy (D:14)
  2 red devils (Lair:5)
  6 ancient zymes
  10 merfolk
  2 hornets
  2 wind drakes (Shoals:3)
  A meliai (shapeshifter) (D:15)
  5 trolls
  6 polar bears
  19 raiju
  A hellwing (Abyss:2)
  9 snapping turtles
  12 blink frogs
  5 dream sheep
  A jumping spider (shapeshifter) (Elf:3)
  An air elemental (Elf:1)
  A flying skull (Abyss:2)
  3 vampires
  6 wraiths
  4 dire elephant simulacra
  2 shadows
  20 large abominations
  9 water elementals
  15 wyverns
  29 yaks
  6 ynoxinuls
  5 neqoxecs
  4 fire elementals
  16 humans (D:14)
  2 minotaur simulacra (Snake:4)
  3 chaos spawn
  5 basilisks
  2 spatial vortices (Abyss:3)
  A steam dragon (D:6)
  11 vampire mosquitoes
  Menkaure (D:7)
  A harpy simulacrum (IceCv)
  14 nagas
  Edmund (D:4)
  2 hydra simulacra (IceCv)
  3 acid dragons
  8 hell hounds
  3 water moccasins
  A black bear (Lair:1)
  A naga skeleton (Abyss:3)
  3 alligator simulacra
  2 ettin simulacra (IceCv)
  35 orc warriors
  4 sky beasts
  2 ogres
  28 starcursed masses
  7 centaurs
  9 wolves
  A phantom (D:7)
  A kobold brigand (D:9)
  18 bullfrogs
  A gnoll sergeant (D:5)
  A wyvern zombie (Lair:3)
  9 small abominations
  3 earth elementals
  3 scorpions
  2 deep troll simulacra (Snake:4)
  12 wights
  Dowan (D:4)
  16 killer bees
  2 electric eels
  4 howler monkeys
  A lindwurm simulacrum (IceCv)
  A crimson imp (Abyss:3)
  9 hounds
  13 orc priests
  2 gnoll boudas
  An iron imp (Abyss:2)
  A jelly (D:6)
  2 iguanas
  2 sleepcaps
  18 orc wizards
  4 hell rats (Lair:3)
  12 mummies (Ossuary)
  A hell rat zombie (Lair:3)
  Robin (D:2)
  11 adders
  9 gnolls
  8 white imps
  3 ufetubi
  An orc zombie (D:10)
  A worm (D:2)
  2 dart slugs
  56 orcs
  6 ball pythons
  8 endoplasms
  10 giant cockroaches
  18 goblins
  10 hobgoblins
  14 quokkas
  6 bats
  9 frilled lizards
  A gnoll skeleton (Ossuary)
  3 goblin skeletons (Ossuary)
  8 kobolds
  4 kobold skeletons (Ossuary)
  7 rats
  11 rat skeletons (Ossuary)
  A lurking horror (Abyss:3)
  4 starspawn tentacles (Abyss:3)
1208 creatures vanquished.

Vanquished Creatures (collateral kills)
  Polyphemus (Shoals:4)
  Ilsuiw (Shoals:4)
  A nagaraja (Snake:4)
  Aizul (Snake:1)
  Azrael (Elf:2)
  4 merfolk javelineers (Shoals:4)
  2 merfolk impalers (Shoals:4)
  A salamander tyrant (Snake:4)
  4 anacondas
  A hydra (Lair:3)
  3 merfolk aquamancers
  A merfolk avatar (Shoals:4)
  A satyr (Shoals:3)
  A dancing weapon (Elf:2)
  6 death yaks
  A tengu warrior (D:15)
  A boulder beetle (Lair:4)
  2 naga warriors
  5 naga sharpshooters
  2 orc high priests (Orc:2)
  3 skysharks
  9 sea snakes
  6 naga ritualists
  10 harpies
  A wizard (D:14)
  A deep elf pyromancer (Elf:2)
  6 mana vipers
  8 salamanders
  6 manticores
  An orc sorcerer (Orc:2)
  7 merfolk sirens
  3 guardian serpents (Snake:4)
  3 elephants (Lair:1)
  7 naga magi
  16 black mambas
  2 water nymphs (Shoals:4)
  2 torpor snails (Lair:3)
  2 cane toads
  2 rime drakes
  A komodo dragon (Lair:5)
  A yaktaur (D:14)
  6 wind drakes
  7 merfolk
  2 polar bears (Lair:5)
  A blink frog (shapeshifter) (D:15)
  5 blink frogs (Lair:1)
  9 snapping turtles
  3 dream sheep (Lair:5)
  A shadow (D:10)
  9 yaks
  5 water elementals
  A wraith (D:9)
  2 wyverns
  2 humans (D:14)
  A fire elemental (Elf:2)
  A vampire mosquito (D:10)
  18 nagas
  A warg (Elf:1)
  A hell hound (Lair:5)
  A hydra simulacrum (IceCv)
  3 water moccasins
  An orc warrior (Orc:2)
  A black bear (Lair:4)
  3 ogres
  3 wolves
  4 centaurs
  2 kobold brigands (D:9)
  2 bullfrogs
  A gnoll sergeant (D:11)
  2 wights
  4 killer bees
  A polar bear zombie (Lair:3)
  A howler monkey (D:9)
  7 orc priests
  4 hell rats (Lair:3)
  An orc wizard (Orc:1)
  A gnoll (D:11)
  16 orcs
  A goblin (D:2)
  A bat (D:3)
  4 kobolds (D:9)
  A plant (Shoals:4)
277 creatures vanquished.

Vanquished Creatures (others)
  A very ugly thing zombie (IceCv)
  3 deep elf knights
  3 anaconda zombies
  A deep elf archer (Elf:3)
  7 ugly thing zombies (D:15)
  2 mana vipers
  2 shock serpent zombies
  2 dire elephant zombies (Lair:3)
  An unseen horror (Abyss:3)
  3 death yak zombies
  4 sea snake zombies
  15 harpy zombies
  A merfolk (Shoals:1)
  2 mana viper zombies
  A hydra zombie (Lair:5)
  3 guardian serpent zombies (Snake:4)
  A meliai zombie (D:15)
  An alligator zombie (Lair:3)
  2 wind drake zombies (Shoals:4)
  A yak (D:8)
  18 black mamba zombies
  2 water nymph zombies (Shoals:4)
  2 faun zombies (Shoals:2)
  A demonspawn zombie (Orc:2)
  A tengu zombie (D:15)
  A two-headed ogre zombie (Orc:2)
  A skyshark zombie (Shoals:2)
  2 cane toad zombies
  15 merfolk zombies
  10 elf zombies
  6 elephant zombies
  A blink frog zombie (D:15)
  2 snapping turtle zombies (Shoals:4)
  2 manticore zombies (Shoals:1)
  A wolf (Lair:5)
  2 vampire mosquito zombies (D:10)
  A torpor snail zombie (Lair:3)
  A rime drake zombie (Lair:3)
  9 salamander zombies
  2 komodo dragon zombies (Lair:5)
  24 naga zombies
  2 cyclops zombies
  2 water moccasin zombies
  3 wyvern zombies
  2 wights (D:10)
  8 yak zombies
  4 wolf zombies (Lair:5)
  2 centaur zombies
  2 human zombies (D:14)
  A scorpion zombie (Lair:3)
  3 killer bee zombies (D:9)
  A kobold zombie (D:9)
  3 ogre zombies
  A hell rat zombie (Lair:3)
  A howler monkey zombie (D:9)
  3 gnoll zombies (D:11)
  An ufetubus (Abyss:3)
  An orc (D:15)
  57 orc zombies
  46 fungi
  116 plants
  17 starspawn tentacles (Abyss:3)
  6 toadstools (Lair:4)
442 creatures vanquished.

Grand Total: 1927 creatures vanquished

Notes
Turn   | Place    | Note
-------+----------+-------------------------------------------
     0 | D:1      | browni3141 the Barachi Necromancer began the quest for the
                  | Orb.
     0 | D:1      | Reached XP level 1. HP: 13/13 MP: 3/3
   157 | D:1      | Reached XP level 2. HP: 22/22 MP: 5/5
   529 | D:1      | Reached XP level 3. HP: 27/27 MP: 4/6
   993 | D:2      | Noticed Robin
  1609 | D:2      | Killed Robin
  1610 | D:2      | Reached skill level 3 in Short Blades
  1712 | D:2      | Found Lohiref's Antique Weapon Emporium.
  1757 | D:2      | Reached XP level 4. HP: 27/33 MP: 5/7
  1815 | D:2      | Found a runed translucent door.
  1816 | D:2      | Noticed Crazy Yiuf
  2006 | D:2      | Found Fatyed's Armour Shop.
  2011 | D:2      | Bought a +0 buckler for 49 gold pieces
  2726 | D:2      | Learned a level 3 spell: Vampiric Draining
  2942 | D:3      | Noticed a scorpion
  3529 | D:3      | Found a faded altar of an unknown god.
  3936 | D:4      | Noticed a scorpion
  3945 | D:3      | Reached XP level 5. HP: 23/39 MP: 0/8
  4029 | D:4      | Reached skill level 3 in Dodging
  4029 | D:4      | Reached skill level 4 in Necromancy
  4127 | D:4      | Reached skill level 3 in Fighting
  4249 | D:4      | Found a transporter.
  4402 | D:4      | Noticed cheesebisquit's ghost (amateur HOFi)
  4416 | D:4      | Found a transporter.
  4459 | D:4      | Noticed Duvessa
  4460 | D:4      | Noticed Dowan
  4567 | D:4      | Reached XP level 6. HP: 33/47 MP: 0/9
  4974 | D:5      | Entered Level 5 of the Dungeon
  5118 | D:5      | Noticed Edmund
  5118 | D:5      | Noticed an orc warrior
  5542 | D:2      | Bought a glowing long sword for 156 gold pieces
  5746 | D:4      | Killed Dowan
  6145 | D:4      | Killed Edmund
  6146 | D:4      | Reached skill level 3 in Long Blades
  6146 | D:4      | Reached skill level 5 in Necromancy
  6146 | D:4      | Reached XP level 7. HP: 42/52 MP: 1/10
  6930 | D:5      | Reached skill level 6 in Long Blades
  7205 | D:6      | Found a sand-covered staircase.
  7215 | Ossuary  | Entered an ossuary
  7298 | Ossuary  | Reached XP level 8. HP: 46/58 MP: 11/11
  7501 | D:6      | Found a staircase to the Ecumenical Temple.
  7527 | Temple   | Entered the Ecumenical Temple
  7597 | Temple   | Became a worshipper of Cheibriados the Contemplative
  7612 | D:6      | Found a glowing drain.
  7635 | Sewer    | Entered a sewer
  7846 | Sewer    | Reached * piety under Cheibriados
  8380 | D:6      | Reached ** piety under Cheibriados
  8512 | D:6      | Reached skill level 6 in Necromancy
  8517 | D:6      | Learned a level 4 spell: Animate Dead
  8974 | D:6      | Reached skill level 6 in Fighting
  8974 | D:6      | Reached XP level 9. HP: 59/69 MP: 1/12
  9130 | D:7      | Reached skill level 7 in Necromancy
  9577 | D:7      | Noticed Maggie
  9640 | D:7      | Identified the +0 chain mail of Egalitarianism {Harm rC++
                  | Regen+ Int-5}
  9961 | D:7      | Noticed Menkaure
  9967 | D:7      | Killed Menkaure
 10068 | D:8      | Reached *** piety under Cheibriados
 10195 | D:8      | Noticed a two-headed ogre
 10489 | D:8      | Reached skill level 3 in Armour
 10564 | D:9      | Reached skill level 8 in Necromancy
 10818 | D:9      | Reached **** piety under Cheibriados
 10977 | D:9      | Reached skill level 3 in Invocations
 10983 | D:9      | Reached XP level 10. HP: 68/76 MP: 13/13
 11244 | D:9      | Reached skill level 6 in Invocations
 11732 | D:9      | Identified the +0 leather armour of Vexation {rPois Will+
                  | Str-2}
 12108 | D:8      | Killed a two-headed ogre
 12208 | D:8      | Reached skill level 9 in Long Blades
 12208 | D:8      | Reached XP level 11. HP: 48/84 MP: 1/16
 12412 | D:8      | Reached ***** piety under Cheibriados
 13441 | D:10     | Entered Level 10 of the Dungeon
 13509 | D:10     | Reached skill level 6 in Dodging
 13746 | D:10     | Noticed a centaur warrior
 13762 | D:10     | Killed a centaur warrior
 13763 | D:10     | Reached skill level 9 in Fighting
 14051 | D:10     | Noticed a tengu warrior
 14059 | D:10     | Killed a tengu warrior
 14320 | D:10     | Noticed Erica
 14331 | D:10     | Killed Erica
 14579 | D:10     | Reached skill level 3 in Stealth
 14594 | D:10     | Found an ancient bone altar of Kikubaaqudgha.
 14681 | D:10     | Found a staircase to the Lair.
 14751 | D:10     | Noticed Erolcha
 15197 | Lair:1   | Entered Level 1 of the Lair of Beasts
 15207 | Lair:1   | Reached XP level 12. HP: 97/97 MP: 7/18
 15213 | Lair:1   | Reached skill level 3 in Shields
 15224 | Lair:1   | Reached skill level 6 in Armour
 15344 | Lair:1   | Reached skill level 3 in Evocations
 16639 | Lair:2   | Found a staircase to the Snake Pit.
 17284 | Lair:3   | Found a staircase to the Shoals.
 17363 | Lair:3   | Noticed a death yak
 17363 | Lair:3   | Noticed a dire elephant
 17363 | Lair:3   | Noticed a dire elephant
 17364 | Lair:3   | Noticed an alligator
 17367 | Lair:3   | Gained mutation: You can hop long distances. [Barachi
                  | growth]
 17367 | Lair:3   | Reached XP level 13. HP: 99/103 MP: 9/19
 17373 | Lair:3   | Reached skill level 6 in Stealth
 17373 | Lair:3   | Reached skill level 6 in Shields
 17377 | Lair:3   | Killed a dire elephant
 17378 | Lair:3   | Killed a dire elephant
 17379 | Lair:3   | Reached skill level 12 in Long Blades
 17379 | Lair:3   | Reached skill level 9 in Necromancy
 18330 | Lair:4   | Identified the ring "Kotrenud" {rPois rF- Will+ Int-4
                  | Dex+5}
 18335 | Lair:4   | Identified the +1 robe "Emena" {Will+ Str+3 Dex+2}
 18401 | Lair:4   | Reached skill level 10 in Necromancy
 18576 | Lair:4   | Reached XP level 14. HP: 92/110 MP: 20/20
 18676 | Lair:4   | Found a viscous altar of Jiyva.
 18978 | Lair:4   | Found a runed translucent door.
 18998 | Lair:4   | Reached skill level 9 in Dodging
 19251 | Lair:5   | Entered Level 5 of the Lair of Beasts
 19673 | Lair:5   | Reached skill level 11 in Necromancy
 19980 | Lair:5   | Found a burning altar of Makhleb.
 20109 | Lair:5   | Found a gateway to Hell.
 20117 | Lair:5   | Identified the +4 scale mail "Waityun" {+Blink rC+ rCorr}
 20202 | Lair:5   | Reached skill level 12 in Dodging
 20245 | Lair:5   | Reached skill level 12 in Necromancy
 20833 | D:11     | Reached XP level 15. HP: 115/115 MP: 19/21
 20842 | D:11     | Found a staircase to the Orcish Mines.
 20993 | D:11     | Learned a level 4 spell: Dispel Undead
 21029 | D:11     | Noticed Gastronok
 21040 | D:11     | Killed Gastronok
 21041 | D:11     | Reached skill level 9 in Armour
 21110 | D:11     | Reached skill level 9 in Invocations
 21110 | D:11     | Reached XP level 16. HP: 122/122 MP: 21/23
 21340 | Orc:1    | Entered Level 1 of the Orcish Mines
 21544 | Orc:2    | Entered Level 2 of the Orcish Mines
 21773 | Orc:2    | Found a staircase to the Elven Halls.
 21911 | Orc:2    | Found Taejimee's Distillery.
 21913 | Orc:2    | Found Musal's General Store.
 22010 | Orc:2    | Reached skill level 13 in Necromancy
 22270 | Orc:2    | Found Pacunwil's Antique Armour Shoppe.
 22270 | Orc:2    | Found Fidush's Book Emporium.
 22271 | Orc:2    | Found a one-way gate leading to the halls of Pandemonium.
 22792 | Orc:1    | Reached ****** piety under Cheibriados
 22946 | Orc:2    | Bought a book of Dreams for 360 gold pieces
 22951 | Orc:2    | Learned a level 4 spell: Anguish
 22953 | Orc:2    | Bought a pair of glowing boots for 240 gold pieces
 22965 | Orc:2    | Bought an embroidered scarf for 256 gold pieces
 23006 | Orc:2    | Bought a potion of attraction for 39 gold pieces
 23006 | Orc:2    | Bought a potion of brilliance for 52 gold pieces
 23006 | Orc:2    | Bought a potion of brilliance for 52 gold pieces
 23006 | Orc:2    | Bought a potion of resistance for 130 gold pieces
 23006 | Orc:2    | Bought a potion of might for 52 gold pieces
 23006 | Orc:2    | Bought a potion of curing for 39 gold pieces
 23006 | Orc:2    | Bought 2 potions of berserk rage for 130 gold pieces
 23006 | Orc:2    | Bought a potion of might for 52 gold pieces
 23010 | Orc:2    | Bought a scroll of identify for 22 gold pieces
 23010 | Orc:2    | Bought a potion of mutation for 88 gold pieces
 23158 | D:12     | Noticed Frances
 23169 | D:12     | Killed Frances
 23377 | D:12     | Noticed Rupert
 23398 | D:12     | Killed Rupert
 24588 | D:13     | Identified a scroll of acquirement
 24671 | D:13     | Reached skill level 3 in Spellcasting
 24752 | D:13     | Found a runed translucent gate.
 24752 | D:13     | Found a runed translucent gate.
 24752 | D:13     | Noticed an azure jelly
 24753 | D:13     | Found a runed translucent gate.
 24753 | D:13     | Noticed an azure jelly
 24753 | D:13     | Noticed an azure jelly
 24753 | D:13     | Noticed an acid blob
 24753 | D:13     | Noticed an azure jelly
 24753 | D:13     | Noticed pdpol's ghost (journeyman MiFi)
 24753 | D:13     | Noticed an azure jelly
 24753 | D:13     | Noticed an azure jelly
 24753 | D:13     | Noticed an acid blob
 24754 | D:13     | Found a viscous altar of Jiyva.
 24933 | D:13     | Acquired the amulet "Ujegibe" {Reflect Fragile rC+ rN+
                  | SH+5}
 25054 | D:14     | Reached skill level 3 in Hexes
 25250 | D:14     | Found a portal to a secret trove of treasure.
 25350 | D:14     | Reached skill level 14 in Necromancy
 25527 | D:14     | Found a gate to the Vaults.
 25534 | D:14     | Reached XP level 17. HP: 127/129 MP: 24/24
 26017 | D:15     | Entered Level 15 of the Dungeon
 26883 | D:15     | Found a staircase to the Depths.
 27282 | Snake:1  | Entered Level 1 of the Snake Pit
 27703 | Snake:1  | Noticed Aizul
 27718 | Snake:1  | Killed Aizul
 27952 | Snake:1  | Got the Monograph on Incandescence
 28083 | Snake:1  | Found Emoizx Woll's Weapon Shop.
 28232 | Snake:2  | Found a shimmering blue altar of Sif Muna.
 28523 | Snake:2  | Found Joicaes's Jewellery Shoppe.
 28671 | Snake:2  | Learned a level 2 spell: Blink
 28676 | Snake:2  | Learned a level 4 spell: Manifold Assault
 28767 | Snake:2  | Found Pobreden's Vocational Training.
 29334 | Snake:3  | Identified the +1 pair of gloves of the Six of Wands {rN+}
 29334 | Snake:3  | Noticed Nikola
 29350 | Snake:3  | Killed Nikola
 29351 | Snake:3  | Reached XP level 18. HP: 92/139 MP: 21/26
 29475 | Snake:3  | Reached skill level 12 in Invocations
 29523 | Snake:3  | Reached skill level 3 in Translocations
 29540 | Snake:3  | Reached skill level 12 in Armour
 29547 | Snake:3  | Reached skill level 12 in Fighting
 30152 | Snake:4  | Entered Level 4 of the Snake Pit
 30308 | Snake:4  | Found a frozen archway.
 30527 | IceCv    | Entered an ice cave
 31799 | Snake:4  | Noticed Vashnia
 31809 | Snake:4  | Killed Vashnia
 31810 | Snake:4  | Reached skill level 6 in Translocations
 31858 | Snake:4  | Reached skill level 9 in Stealth
 32033 | Snake:4  | Got a serpentine rune of Zot
 33050 | Shoals:1 | Entered Level 1 of the Shoals
 33151 | Shoals:1 | Found a runed translucent gate.
 33151 | Shoals:1 | Found a runed translucent gate.
 33151 | Shoals:1 | Found a runed translucent gate.
 33155 | Shoals:1 | Noticed wolfgangpup's ghost (adept GnCj)
 33192 | Shoals:1 | Reached XP level 19. HP: 137/148 MP: 28/28
 33846 | Shoals:1 | Killed wolfgangpup's ghost
 34856 | Shoals:2 | Found Kuohu's General Store.
 35064 | Shoals:3 | Reached skill level 6 in Spellcasting
 35191 | Shoals:3 | Identified the +1 scale mail of Bad Feelings {-Tele Will+
                  | Regen+ Int+3}
 35393 | Shoals:3 | Found a runed translucent door.
 35398 | Shoals:3 | Noticed Aral's ghost (adept MiBe)
 35663 | Shoals:3 | Killed Aral's ghost
 35777 | Shoals:4 | Entered Level 4 of the Shoals
 35777 | Shoals:4 | Noticed Ilsuiw
 35780 | Shoals:4 | Noticed Polyphemus
 35799 | Shoals:4 | Killed Polyphemus
 35815 | Shoals:4 | Killed Ilsuiw
 35946 | Shoals:4 | Your ally Polyphemus died
 36038 | Shoals:4 | Reached skill level 15 in Necromancy
 36188 | Shoals:4 | Identified the +0 scimitar of the Bashing Lamprey {flame,
                  | +Blink rF+ rC- Dex+3}
 36500 | Shoals:4 | Identified the +7 morningstar "Daiheidd" {elec, Drain rC+
                  | Str+6}
 36621 | Shoals:4 | Reached XP level 20. HP: 149/155 MP: 32/32
 36626 | Shoals:4 | Identified the ring "Botiogea" {rF+ EV+5 Stlth+}
 36734 | Shoals:4 | Reached skill level 9 in Spellcasting
 36825 | Shoals:4 | Learned a level 8 spell: Infestation
 36833 | Shoals:4 | Learned a level 7 spell: Haunt
 36841 | Shoals:4 | Got a barnacled rune of Zot
 37220 | Elf:1    | Entered Level 1 of the Elven Halls
 37318 | Elf:1    | Found a flickering gateway to a bazaar.
 37344 | Bazaar   | Entered a bazaar
 37344 | Bazaar   | Found Lel Ytsa's Distillery.
 37344 | Bazaar   | Found Sounnuatt's Distillery.
 37344 | Bazaar   | Found Asearedei's Armour Emporium.
 37344 | Bazaar   | Found Mudauti's Book Emporium.
 37385 | Bazaar   | Bought a potion of magic for 152 gold pieces
 37385 | Bazaar   | Bought 2 potions of curing for 114 gold pieces
 37385 | Bazaar   | Bought a potion of heal wounds for 95 gold pieces
 37385 | Bazaar   | Bought a potion of curing for 57 gold pieces
 37385 | Bazaar   | Bought a potion of curing for 57 gold pieces
 37385 | Bazaar   | Bought a potion of lignification for 57 gold pieces
 37385 | Bazaar   | Bought a potion of might for 76 gold pieces
 37389 | Bazaar   | Bought a potion of curing for 51 gold pieces
 37389 | Bazaar   | Bought a potion of invisibility for 136 gold pieces
 37395 | Bazaar   | Bought a book of Decay for 390 gold pieces
 37395 | Bazaar   | Bought a There-And-Back Book for 390 gold pieces
 37490 | Elf:1    | Paralysed by an air elemental for 1 turns
 38164 | Elf:1    | Got the Grimoire of the Massed Discharge
 39031 | Elf:2    | Found a runed translucent gate.
 39031 | Elf:2    | Found a runed translucent gate.
 39032 | Elf:2    | Found a runed translucent gate.
 39105 | Elf:2    | Found Jopeon Qusu's Armour Shoppe.
 39373 | Elf:2    | Noticed Donald
 39384 | Elf:2    | Killed Donald
 39854 | Elf:2    | Reached skill level 12 in Spellcasting
 39863 | Elf:2    | Noticed Azrael
 39913 | Elf:2    | Killed Azrael
 40555 | Elf:3    | Entered Level 3 of the Elven Halls
 40563 | Elf:3    | Reached skill level 9 in Shields
 40586 | Elf:3    | Reached skill level 3 in Summonings
 40740 | Abyss:2  | Found a corrupted altar of Lugonu.
 40740 | Abyss:2  | Cast into level 2 of the Abyss (a deep elf demonologist)
 40770 | Abyss:2  | Found a corrupted altar of Lugonu.
 41119 | Abyss:2  | Reached XP level 21. HP: 160/161 MP: 37/37
 41138 | Abyss:2  | Found a corrupted altar of Lugonu.
 41168 | Abyss:2  | Paralysed by accursed screaming for 2 turns
 41171 | Abyss:2  | Paralysed by accursed screaming for 1 turns
 41182 | Abyss:2  | Noticed a bone dragon
 41200 | Abyss:2  | Killed a bone dragon
 41247 | Abyss:2  | Paralysed by accursed screaming for 1 turns
 41255 | Abyss:2  | Found a corrupted altar of Lugonu.
 41266 | Abyss:3  | Reached skill level 16 in Necromancy
 41344 | Abyss:3  | Paralysed by a great orb of eyes for 4 turns
 41924 | Abyss:3  | Reached skill level 6 in Summonings
 42204 | Abyss:3  | Noticed a bone dragon
 42209 | Abyss:3  | Killed a bone dragon
 42210 | Abyss:3  | Reached skill level 17 in Necromancy
 42253 | Abyss:3  | Found a corrupted altar of Lugonu.
 42284 | Abyss:3  | Found a corrupted altar of Lugonu.
 42290 | Abyss:3  | Paralysed by accursed screaming for 1 turns
 42328 | Abyss:3  | Noticed a profane servitor
 42339 | Abyss:3  | Killed a profane servitor
 42386 | Abyss:3  | Found a corrupted altar of Lugonu.
 42431 | Abyss:3  | Found a corrupted altar of Lugonu.
 42795 | Elf:3    | Escaped the Abyss
 42800 | Elf:3    | Reached skill level 9 in Summonings
 42829 | Elf:3    | Mangled by a +2 glaive of protection

Illustrated notes

Levels and vault maps discovered:
D:1:      denvon_arrival_planthouse, layout_loops_ring, nrook_mini_backslash
D:2:      layout_loops_ring, serial_shops, nicolae_shop_statue_plus, shop,
          lemuel_flame_loot_1, uniq_robin, uniq_crazy_yiuf_cottage
D:3:      layout_loops_ring, dreamdust_ecumenical_altar_hidden_monk_grotto
D:4:      layout_gridville, gammafunk_ghost_arena, fountainhead,
          item_on_display_a, uniq_duvessa
D:5:      layout_cave_pools, uniq_edmund
D:6:      layout_basic, minmay_temple_entry_drinking_statues, enter_ossuary_3,
          gup_sewer_entry_glass, grunt_decor_clamped,
          kennysheep_decorative_pillar
D:7:      layout_basic, minmay_misc_feat_hallway, uniq_maggie, uniq_menkaure
D:8:      layout_layer_cave, kennysheep_path_1
D:9:      layout_basic, kennysheep_kite_vault
D:10:     cheibrodos_fzero, layout_long_grid, old_standard_altar,
          lair_entry_dummy, lemuel_flamethrower_2, uniq_erica, uniq_erolcha
D:11:     layout_cave_pools, david_orc_2, serial_column_ruins, column_ruins_hut,
          column_ruins_hut, column_ruins_corridor_dead_end,
          column_ruins_open_small, column_ruins_grid_1, uniq_gastronok
D:12:     layout_stronghold, uniq_rupert, uniq_frances
D:13:     layout_loops_cross, gammafunk_ghost_ooze
D:14:     layout_roguey, grunt_vaults_entry_tiered,
          nicolae_trove_entry_path_of_doom
D:15:     hangedman_depths_entry_civil_slaughter, layout_rooms,
          dreamdust_wishing_well
Temple:   grunt_wide_crystal_templ
Lair:1:   layout_cave_pods, lemuel_fruit_tree, grunt_megastairs_5
Lair:2:   layout_gridlike, minmay_snake_entry_guardpost_medium,
          chequers_serial_rivers_micro_a
Lair:3:   layout_cave_shapes, shoals_dummy_entry, special_room
          [special_room_mythical_zoo], nicolae_lair_lakeside_cave
Lair:4:   gammafunk_lair_enchanted_lake, layout_regular_city,
          minmay_slime_entry_oklob_enclosed, st_stairs_7
Lair:5:   evil_forest, layout_hall_layers, cheibrodos_lair_lostbears,
          grunt_megastairs_1
Shoals:1: layout_shoals, gammafunk_ghost_split
Shoals:2: layout_shoals, serial_shops, shop, nicolae_shoals_arrival_archipelago
Shoals:3: layout_shoals, ebering_ghost_reflecting_pool
Shoals:4: shoals_end_simple, layout_shoals, shoal_ilsuiw, uniq_polyphemus
Snake:1:  layout_rooms, serial_shops, shop, uniq_aizul
Snake:2:  layout_rooms, serial_shops, shop, basic_altar,
          nicolae_shop_vocational, serial_bayou_shore_b, grunt_megastairs_4
Snake:3:  layout_grid_shapes, uniq_nikola
Snake:4:  grunt_snake_rune_serpentine_throne, layout_cave_pods,
          portal_ice_cave_entry_ice_simulacra, uniq_vashnia
Orc:1:    layout_caves
Orc:2:    pf_orc_diabolical, layout_caves
Elf:1:    layout_gridlike, serial_shops, bzr_entry_lakeside, minmay_elf_sorcery,
          st_stairs_4, drop_trap, grunt_megastairs_3
Elf:2:    nicolae_elf_blades_splatter_lattice
          [nicolae_blade_entry_crossed_weapons], layout_loops_cross,
          serial_shops, nicolae_shop_hallway_stairs, uniq_donald, uniq_azrael
Elf:3:    minmay_elf_hall_x, layout_loops_cross, serial_shops,
          nicolae_lakefront_shop, guppyfry_elf_castle

Skill      XL: |  1  2  3  4  5  6  7  8  9 10 11 12 13 14 15 16 17 18 19 20 21 |
---------------+----------------------------------------------------------------+-----
Fighting       | 1 2 3 6 7 10 11 12 | 12.8
Short Blades   | 1 3 |  3.0
Shields        | 1 2 5 6 9 10 | 10.0
Dodging        | 3 4 5 6 8 12 13 14 | 14.0
Necromancy     | 4 5 6 8 10 12 14 15 17 | 17.9
Long Blades    | 3 6 7 9 10 11 13 | 13.8
Armour         | 5 7 8 9 10 11 12 | 12.9
Invocations    | 3 7 8 9 10 11 13 14 | 14.0
Stealth        | 3 5 6 8 9 |  9.2
Evocations     | 1 5 |  5.0
Hexes          | 3 4 |  4.0
Throwing       | 2 |  2.0
Spellcasting   | 3 5 8 12 | 12.0
Translocations | 1 6 8 |  8.0
Summonings     | 3 9 |  9.1

Action                     |  1- 3 |  4- 6 |  7- 9 | 10-12 | 13-15 | 16-18 | 19-21 || total
---------------------------+-------+-------+-------+-------+-------+-------+-------++-------
  Melee: Short sword       |    78 |    67 |       |       |       |       |       ||   145
         Unarmed           |     2 |       |       |       |       |       |       ||     2
         Long sword        |       |     3 |   295 |   294 |     8 |     8 |       ||   608
         Scimitar          |       |       |       |    97 |   301 |   911 |  1391 ||  2700
  Throw: Dart              |       |       |       |    47 |     2 |    21 |       ||    70
         Boomerang         |       |       |       |     9 |     1 |       |       ||    10
   Cast: Necrotise         |    53 |   148 |   124 |     8 |     1 |     6 |       ||   340
         Vampiric Draining |       |     7 |    23 |    37 |    20 |    69 |    13 ||   169
         Animate Dead      |       |       |     3 |     9 |     6 |    22 |     7 ||    47
         Dispel Undead     |       |       |       |       |       |    43 |    20 ||    63
         Anguish           |       |       |       |       |       |     4 |     1 ||     5
         Manifold Assault  |       |       |       |       |       |       |   108 ||   108
 Invoke: Slouch            |       |       |       |     9 |     6 |     7 |    14 ||    36
         Bend Time         |       |       |       |       |       |     5 |     1 ||     6
Ability: Hop               |     1 |     4 |     6 |     2 |     3 |     8 |     6 ||    30
  Evoke: Wand              |       |       |     8 |       |       |     7 |     2 ||    17
         Lightning rod     |       |       |       |     4 |     6 |    11 |       ||    21
         Box of beasts     |       |       |       |       |     1 |     2 |     1 ||     4
         Phial of floods   |       |       |       |       |       |       |     1 ||     1
    Use: Scroll            |       |     3 |     9 |     9 |     9 |     8 |     4 ||    42
         Potion            |       |     3 |     2 |       |     2 |     6 |     8 ||    21
   Stab: Sleeping          |     1 |     1 |     7 |     3 |     2 |     6 |     9 ||    29
         Distracted        |       |       |       |     4 |    10 |    28 |    19 ||    61
         Petrified         |       |       |       |       |       |       |     2 ||     2
         Invisible         |       |       |       |       |       |       |     1 ||     1
 Armour: Robe              |    22 |    43 |    49 |       |       |       |       ||   114
         Steam dragon scal |       |       |    15 |       |       |       |       ||    15
         Ring mail         |       |       |    40 |   120 |    88 |       |       ||   248
         Scale mail        |       |       |       |       |     9 |   226 |   248 ||   483
  Dodge: Dodged            |    78 |    78 |   271 |   330 |   238 |  1007 |  1123 ||  3125
         Repelled          |       |       |       |       |       |    16 |    19 ||    35
  Block: Buckler           |       |    33 |    82 |   169 |   123 |   712 |   364 ||  1483
         Reflection        |       |       |       |       |       |    55 |    85 ||   140
         Kite shield       |       |       |       |       |       |       |   804 ||   804
